 Dungeon Crawl Stone Soup version 0.31-a0-940-gdaa99269f9 (webtiles) character file.

Game seed: 4732670512551872522

910 sammy202020 the Trooper (level 8, -2/51 HPs)
             Began as a Gargoyle Berserker on Oct 21, 2023.
             Was a Priest of Trog.
             Slain by a centaur zombie (3 damage)
             ... in an ossuary.
             The game lasted 00:08:38 (2819 turns).

sammy202020 the Trooper (Gargoyle Berserker)        Turns: 2819, Time: 00:08:39

Health: -2/51      AC: 20    Str: 19 (22) XL:     8   Next: 8%
Magic:  8/8        EV:  8    Int:  7 (9)  God:    Trog [***...]
Gold:   160        SH:  6    Dex:  7 (9)  Spells: 7/7 levels left

rFire   . . .        a - +0 mace
rCold   + . .        r - +3 buckler
rNeg    + . .        s - +0 chain mail
rPois   ∞            (no helmet)
rElec   +            (no cloak)
rCorr   .            k - +0 pair of gloves
SInv    .            (no boots)
Will    .....        (no amulet) Stlth
                     i - +4 ring of protection
HPRegen 0.28/turn    p - ring of protection from cold
MPRegen 0.11/turn

%: random rage (9%)
@: on berserk cooldown, flying
A: sickness immunity, AC +5, negative energy resistance 1, electricity
resistance, torment resistance 1, petrification resistance, big wings, berserk 2
a: Renounce Religion, Berserk, Trog's Hand


You were in an ossuary.
You worshipped Trog.
Trog was most pleased with you.
You visited 1 branch of the dungeon, and saw 4 of its levels.
You also visited: Ossuary.

You collected 160 gold pieces.

Inventory:

Hand Weapons
 a - a +0 mace (weapon)
 d - a +0 antimagic sling
 g - a +0 morningstar
Missiles
 j - a throwing net
Armour
 k - a +0 pair of gloves (worn)
 r - a +3 buckler (worn)
 s - a +0 chain mail (worn)
Jewellery
 c - a ring of fire
 i - a +4 ring of protection (left hand)
 p - a ring of protection from cold (right hand)
Scrolls
 b - a scroll of identify
 q - a scroll of blinking
 v - 2 scrolls of immolation
Potions
 h - a potion of cancellation


   Skills:
 * Level 5.9 Fighting
 * Level 5.3 Maces & Flails
 * Level 5.3 Armour
 + Level 3.1 Dodging
 * Level 2.6 Shields


You had 7 spell levels left.
You didn't know any spells.
Your spell library was empty.

Dungeon Overview and Level Annotations

Branches:
Dungeon (4/15)            Ossuary (1/1)
 Temple: D:4-7

Altars:
Trog
Yredelemnul

Shops:
D:2 :*[[[


Innate Abilities, Weirdness & Mutations

You are immune to sickness and miasma.
Your stone body is resilient. (AC +5)
You are immune to poison.
You resist negative energy. (rN+)
You are resistant to electric shocks. (rElec)
You are resistant to unholy torment.
You are immune to petrification.
Your large and strong wings let you fly.
You have an uncontrollable temper.


Message History

The wyvern zombie is heavily damaged.
You feel yourself speed up. You block the wyvern zombie's attack.
The centaur zombie barely misses you.
The centaur zombie kicks you but does no damage.
You block the wyvern zombie's attack.
You hit the wyvern zombie.
The wyvern zombie is heavily damaged.
The centaur zombie hits you but does no damage.
The centaur zombie kicks you but does no damage.
The wyvern zombie bites you but does no damage.
The centaur zombie barely misses you. x2; The wyvern zombie barely misses you.
You hit the wyvern zombie.
The wyvern zombie is severely damaged.
The centaur zombie hits you but does no damage.
You block the centaur zombie's attack. You block the wyvern zombie's attack.
You hit the wyvern zombie.
The wyvern zombie is severely damaged.
The centaur zombie hits you but does no damage.
The centaur zombie barely misses you. You block the wyvern zombie's attack.
The centaur zombie closely misses you.
The centaur zombie kicks you but does no damage.
You sock the mummy!
The mummy is moderately damaged.
The centaur zombie hits you but does no damage.
The centaur zombie kicks you but does no damage.
You hit the mummy but do no damage.
The mummy is moderately damaged.
The centaur zombie hits you but does no damage.
You block the centaur zombie's attack. x2
The centaur zombie kicks you but does no damage.
A mummy comes into view.
You hit the mummy but do no damage.
The mummy is moderately damaged.
The centaur zombie hits you but does no damage.
The centaur zombie closely misses you. The mummy hits you!
* * * LOW HITPOINT WARNING * * *
You barely miss the mummy.
The mummy is moderately damaged.
The centaur zombie hits you.
You die...

## ### #.
#.#
.~~#+#Z#+#'#
~~~ZZZM@...+
####M#####.#
#...#.+
#.∩.'.#
#∩..#.+
#####.# +.+
#.# #.+


You could see 2 mummies, a wyvern zombie and 3 centaur zombies.

Vanquished Creatures
  Grinder (D:3)
  Duvessa (D:4)
  An ogre (D:2)
  Dowan (D:4)
  3 howler monkeys
  A bullfrog zombie (Ossuary)
  A gnoll bouda (D:4)
  Jessica (D:3)
  Terence (D:3)
  An orc wizard (D:4)
  3 mummies
  7 gnolls (D:4)
  2 adders (D:4)
  3 worms
  A dart slug (D:4)
  8 orcs (D:4)
  8 ball pythons
  3 endoplasms
  A giant cockroach (D:3)
  8 goblins
  6 hobgoblins
  4 jackals
  4 quokkas
  12 bats
  4 frilled lizards (D:2)
  5 kobolds
  A kobold zombie (D:4)
  An orc zombie (D:4)
  6 rats
99 creatures vanquished.

Notes
Turn   | Place    | Note
-------+----------+-------------------------------------------
     0 | D:1      | sammy202020 the Gargoyle Berserker began the quest for the
                  | Orb.
     0 | D:1      | Reached XP level 1. HP: 14/14 MP: 1/1
   277 | D:1      | Reached XP level 2. HP: 16/19 MP: 2/2
   291 | D:1      | You fall into a shaft and drop 1 floor!
   485 | D:2      | Reached XP level 3. HP: 23/24 MP: 3/3
   514 | D:2      | Reached ** piety under Trog
   521 | D:2      | Found Qistiv's Antique Armour Emporium.
   618 | D:2      | Found Qeco Rucu's Antique Armour Emporium.
   664 | D:2      | Found Zaruz's Book Emporium.
   713 | D:2      | Found Geikeog's General Store.
   814 | D:2      | Noticed an ogre
   826 | D:2      | Killed an ogre
   827 | D:2      | Reached XP level 4. HP: 22/30 MP: 4/4
   827 | D:2      | Reached XP level 5. HP: 25/34 MP: 5/5
  1072 | D:2      | Found Haoshre's Antique Armour Shoppe.
  1234 | D:3      | Noticed Grinder
  1251 | D:3      | Paralysed by Grinder for 5 turns
  1260 | D:3      | Killed Grinder
  1261 | D:3      | Reached skill level 5 in Fighting
  1261 | D:3      | Reached XP level 6. HP: 22/40 MP: 6/6
  1498 | D:3      | Noticed Terence
  1513 | D:3      | Killed Terence
  1577 | D:3      | Found a faded altar of an unknown god.
  1585 | D:3      | Noticed Jessica
  1599 | D:3      | Killed Jessica
  1778 | D:3      | Found a bloodstained altar of Trog.
  1818 | D:3      | Reached XP level 7. HP: 44/44 MP: 7/7
  2334 | D:3      | Gained mutation: You are strong-willed. (Will+) [potion of
                  | mutation]
  2334 | D:3      | Gained mutation: You are robust. (+10% HP) [potion of
                  | mutation]
  2335 | D:3      | Lost mutation: You are strong-willed. (Will+) [potion of
                  | mutation]
  2335 | D:3      | Lost mutation: You are robust. (+10% HP) [potion of
                  | mutation]
  2335 | D:3      | Gained mutation: You sometimes lose your temper in combat.
                  | [potion of mutation]
  2335 | D:3      | Gained mutation: Your large and strong wings let you fly.
                  | [potion of mutation]
  2335 | D:3      | Gained mutation: You have an uncontrollable temper. [potion
                  | of mutation]
  2385 | D:4      | Noticed Duvessa
  2389 | D:4      | Noticed Dowan
  2410 | D:4      | Reached skill level 1 in Shields
  2443 | D:4      | Killed Duvessa
  2445 | D:4      | Reached skill level 5 in Armour
  2464 | D:4      | Reached skill level 5 in Maces & Flails
  2493 | D:4      | Killed Dowan
  2577 | D:4      | Reached XP level 8. HP: 29/51 MP: 8/8
  2592 | D:4      | Found a basalt altar of Yredelemnul.
  2621 | D:4      | Reached *** piety under Trog
  2738 | D:4      | Found a sand-covered staircase.
  2768 | Ossuary  | Entered an ossuary
  2818 | Ossuary  | HP: 1/51 [mummy (11)]
  2819 | Ossuary  | Slain by a centaur zombie

Illustrated notes

Levels and vault maps discovered:
D:1:      dpeg_arrival_long_road, layout_rooms, minmay_liquid_box
D:2:      layout_basic, serial_shops, shop, shop, nicolae_shop_window_shopping,
          shop, nicolae_shop_scrapyard, minmay_close_crescents
D:3:      layout_loops_corners, trog_hazing_becter,
          hellmonk_ecumenical_altar_blasted, uniq_grinder, uniq_terence,
          uniq_jessica
D:4:      layout_basic, old_standard_altar, nicolae_ossuary_entry_giza,
          nrook_campfire, minmay_stone_trees_medium, uniq_duvessa
Ossuary:  ossuary_zaba_flooded

Skill      XL: |  1  2  3  4  5  6  7 |
---------------+----------------------+-----
Fighting       | 4 5 |  5.9
Armour         | 3 4 5 |  5.3
Dodging        | 2 3 |  3.1
Maces & Flails | 4 5 |  5.3
Shields        | 2 |  2.6

Action                     |  1- 3 |  4- 6 |  7- 9 || total
---------------------------+-------+-------+-------++-------
  Melee: Mace              |   124 |    86 |   232 ||   442
         Punch             |     1 |       |       ||     1
 Invoke: Berserk           |     1 |     1 |       ||     2
         Trog's Hand       |       |     1 |     3 ||     4
    Use: Potion            |       |       |    11 ||    11
         Scroll            |       |       |    10 ||    10
 Armour: Animal skin       |    12 |       |       ||    12
         Ring mail         |    27 |       |       ||    27
         Scale mail        |    46 |    62 |       ||   108
         Chain mail        |       |    32 |   233 ||   265
  Dodge: Dodged            |    93 |    51 |   116 ||   260
  Block: Buckler           |       |     6 |   112 ||   118

Table legend: (Time is in decaauts)
 A = Elapsed time spent in this place.
 B = Non-inter-level travel time spent in this place.
 C = Inter-level travel time spent in this place.
 D = Time resting spent in this place.
 E = Time spent auto-exploring this place.
 F = Levels seen in this place.
 G = Mean time per level.
                   A        B        C        D        E       F      G
               +--------+--------+--------+--------+--------+-----+--------+
         Total |   2939 |   2855 |     84 |     45 |   1783 |   5 |  587.8 |
       Dungeon |   2874 |   2790 |     84 |     45 |   1779 |   4 |  718.5 |
       Ossuary |     65 |     65 |      0 |      0 |      4 |   1 |   65.0 |
               +--------+--------+--------+--------+--------+-----+--------+

Top non-repeatable levels by time:
     D:3: 1143 daAuts
     D:2: 976 daAuts
     D:4: 456 daAuts
     D:1: 296 daAuts
 Ossuary: 65 daAuts
